 Dungeon Crawl Stone Soup version 0.26-b1-32-g5d43845318 (webtiles) character file.

Game seed: 2405666286733118143

92 Borgoz the Slasher (level 4, -4/38 HPs)
             Began as a Minotaur Gladiator on Jan 10, 2021.
             Killed by divine providence
             ... invoked by an orc priest
              (12 damage)
             ... on level 3 of the Dungeon.
             The game lasted 00:02:07 (1167 turns).

Borgoz the Slasher (Minotaur Gladiator)             Turns: 1167, Time: 00:02:07

Health: -4/38      AC:  5    Str: 19    XL:     4   Next: 35%
Magic:  3/3        EV: 12    Int:  5    God:
Gold:   80         SH:  0    Dex: 12    Spells: 3/3 levels left

rFire    + . .     SeeInvis .   a - +0 long sword
rCold    . . .     Faith    .   (no shield)
rNeg     . . .     Spirit   .   m - +0 ring mail
rPois    .         Reflect  .   c - +0 hat
rElec    .         Harm     .   (no cloak)
rCorr    .         Rampage  .   (no gloves)
Will     .....                  (no boots)
Stlth    +.........             (no amulet)
HPRegen  0.12/turn              i - ring of protection from fire
MPRegen  0.08/turn              (no ring)

@: no status effects
A: retaliatory headbutt, horns 2
a: no special abilities


You were on level 3 of the Dungeon.
You visited 1 branch of the dungeon, and saw 3 of its levels.

You collected 80 gold pieces.

Inventory:

Hand Weapons
 a - a +0 long sword (weapon)
Missiles
 d - 3 throwing nets (quivered)
Armour
 c - a +0 hat (worn)
 m - a +0 ring mail (worn)
Jewellery
 i - a ring of protection from fire (left hand)
Scrolls
 b - a scroll of fear
 e - a scroll of remove curse
 g - a scroll of teleportation
Potions
 h - 2 potions of might {unknown}
 j - 2 potions of attraction {unknown}
 k - a potion of invisibility


   Skills:
 + Level 3.1 Fighting
 + Level 4.1 Long Blades
 + Level 2.6 Throwing
 + Level 1.7 Armour
 + Level 3.8 Dodging
 + Level 1.2 Stealth


You had 3 spell levels left.
You didn't know any spells.
Your spell library was empty.

Dungeon Overview and Level Annotations

Branches:
Dungeon (3/15)

Altars:
Fedhas


Innate Abilities, Weirdness & Mutations

You reflexively headbutt those who attack you in melee.
You have a pair of horns on your head.


Message History

* * * LOW HITPOINT WARNING * * *
You are too injured to fight recklessly!
You are too injured to fight recklessly!
You are too injured to fight recklessly!
You are too injured to fight recklessly!
You are too injured to fight recklessly!
You are too injured to fight recklessly!
You are too injured to fight recklessly!
You are too injured to fight recklessly!
You are too injured to fight recklessly!
You are too injured to fight recklessly!
You are too injured to fight recklessly!
You are too injured to fight recklessly!
You are too injured to fight recklessly!
You are too injured to fight recklessly!
The orc misses you. You furiously retaliate!
You headbutt the orc!
You kill the orc!
The orc priest calls down the wrath of Beogh upon you.
Beogh smites you!
You die...

### ..
###.#
##...######
#..........
#.)@.#
#.#oo# #.
...# #
..o.#
....K#
.......
........
..#.......


You could see 2 orc priests, an orc and a kobold.

Vanquished Creatures
  4 adders (D:2)
  A worm (D:2)
  3 dart slugs
  A leopard gecko (D:1)
  2 orcs
  4 bats
  2 giant cockroaches
  3 goblins
  3 hobgoblins (D:2)
  10 jackals
  6 kobolds
  4 rats
43 creatures vanquished.

Notes
Turn   | Place    | Note
-------+----------+-------------------------------------------
     0 | D:1      | Borgoz the Minotaur Gladiator began the quest for the Orb.
     0 | D:1      | Reached XP level 1. HP: 18/18 MP: 0/0
   123 | D:1      | Reached XP level 2. HP: 22/25 MP: 1/1
   452 | D:1      | Reached skill level 1 in Armour
   713 | D:2      | Found a blossoming altar of Fedhas.
   721 | D:2      | Reached XP level 3. HP: 28/30 MP: 2/2
   754 | D:2      | Reached skill level 4 in Long Blades
   834 | D:2      | Reached skill level 1 in Stealth
   930 | D:2      | Reached XP level 4. HP: 37/38 MP: 3/3
  1167 | D:3      | Killed from afar by an orc priest

Illustrated notes

Levels and vault maps discovered:
D:1:      zaba_arrival_water, layout_loops_ring
D:2:      layout_rooms, fedhas_altar_2
D:3:      layout_loops_ring, nicolae_gozag_cash_rules_everything_around_me

Skill      XL: |  1  2  3 |
---------------+----------+-----
Armour         | 1 |  1.7
Long Blades    | 4 |  4.1
Stealth        | 1 |  1.2
Fighting       | 3 |  3.1
Throwing       | |  2.6
Dodging        | |  3.8

Action                   |  1- 3 |  4- 6 || total
-------------------------+-------+-------++-------
Melee: Long sword        |    47 |    21 ||    68
       Headbutt          |    13 |     5 ||    18
  Use: Scroll            |     5 |     2 ||     7
Armor: Leather armour    |    12 |       ||    12
       Ring mail         |     7 |     6 ||    13
Dodge: Dodged            |    31 |    17 ||    48
       Rpst.: Long sword |    10 |     7 ||    17
